 Dungeon Crawl Stone Soup version 0.26-a0-651-gb41185065b (webtiles) character file.

Game seed: 16396325975386251985

291 DogServant the Insei (level 6, -1/51 HPs)
             Began as a Draconian Transmuter on Sept 30, 2020.
             Slain by a wight
             ... wielding a +0 morningstar
              (8 damage)
             ... on level 3 of the Dungeon.
             The game lasted 00:05:32 (3434 turns).

DogServant the Insei (Draconian Transmuter)         Turns: 3434, Time: 00:05:33

Health: -1/51      AC:  6    Str: 12    XL:     6   Next: 10%
Magic:  6/9        EV: 11    Int: 14    God:
Gold:   214        SH:  0    Dex: 13    Spells: 3/9 levels left

rFire    . . .     SeeInvis .     - Unarmed
rCold    . . .     Faith    .   (no shield)
rNeg     . . .     Spirit   .   (armour unavailable)
rPois    .         Reflect  .   (helmet currently unavailable)
rElec    .         Harm     .   (no cloak)
rCorr    .         Rampage  .   (no gloves)
MR       .....                  (boots currently unavailable)
Stlth    +.........             (no amulet)
HPRegen  0.17/turn              (no ring)
MPRegen  0.11/turn              (no ring)

@: appendages, heavily drained
A: unfitting armour, horns 2, talons 2, cold-blooded, AC +6
a: End Transformation


You were on level 3 of the Dungeon.
You had grown temporary horns.
You had grown temporary talons.
You visited 1 branch of the dungeon, and saw 4 of its levels.

You collected 214 gold pieces.

Inventory:

Jewellery
 e - an uncursed amulet of the acrobat {unknown}
Scrolls
 b - a scroll of identify
 g - a scroll of enchant weapon {unknown}
 i - a scroll of fog {unknown}
 k - 2 scrolls of magic mapping {unknown}
Potions
 a - 2 potions of resistance
 d - 2 potions of stabbing
 h - a potion of brilliance
 j - a potion of flight {unknown}
 l - a potion of mutation {unknown}


   Skills:
 + Level 3.3(1.9) Fighting
 + Level 2.2(0.8) Dodging
 + Level 5.3(3.8) Unarmed Combat
 - Level 2.1(0.8) Spellcasting
 - Level 3.2(1.8) Transmutations


You had 3 spell levels left.
You knew the following spells:

 Your Spells              Type           Power        Failure   Level
a - Beastly Appendage     Tmut           #.....       13%         1
b - Wereblood             Tmut           #.......     19%         2
c - Spider Form           Tmut/Pois      #.........   50%         3

Your spell library contained the following spells:

 Spells                   Type           Power        Failure   Level
 Ice Form                 Ice/Tmut       #.......     88%         4
 Blade Hands              Tmut           #.........   98%         5


Dungeon Overview and Level Annotations

Branches:
Dungeon (4/15)
 Temple: D:4-7

Altars:
Zin

Annotations:
D:2 Sigmund


Innate Abilities, Weirdness & Mutations

Your plain brown scales are hard. (AC +6)
You cannot fit into any form of body armour.
You are cold-blooded and may be slowed by cold attacks.
You have a pair of horns on your head.
You have razor-sharp toenails.


Message History

You feel better.
The wight hits you with a +0 morningstar!
* * * LOW HITPOINT WARNING * * *
The wight hits you with a +5 spear.
* * * LOW HITPOINT WARNING * * *
You feel better. The wight closely misses you. The wight misses you.
The wight misses you.
You hit the wight but do no damage. Your headbutt misses the wight.
You tail-slap the wight.
The wight is moderately damaged.
The wight hits you from afar with a +5 spear.
* * * LOW HITPOINT WARNING * * *
You feel drained.
* * * LOW HITPOINT WARNING * * *
Okay, then.
As you read the scroll labeled XUBUMNU MOSENU, it crumbles to dust.
The creatures around you are filled with an inner flame!
It was a scroll of immolation.
The wight hits you with a +0 morningstar!
You die...

#.####...#
#.#.#
#.#.#
..#.#
######.#
#......#
#.######
#.# ###
#@#...
#z#.#
#z..#
#.### #.#
#.# ...
.## ..


You could see 2 wights.

Vanquished Creatures
  A scorpion (D:3)
  A wight (D:3)
  An orc priest (D:3)
  Terence (D:2)
  7 adders
  2 oozes
  A worm (D:2)
  A dart slug (D:2)
  A leopard gecko (D:2)
  3 orcs (D:3)
  5 bats
  5 goblins
  10 hobgoblins
  10 jackals
  9 kobolds
  2 quokkas (D:3)
  2 ball pythons (D:2)
  6 frilled lizards
  5 rats
73 creatures vanquished.

Notes
Turn   | Place    | Note
-------+----------+-------------------------------------------
     0 | D:1      | DogServant the Draconian Transmuter began the quest for the
                  | Orb.
     0 | D:1      | Reached XP level 1. HP: 16/16 MP: 3/3
   215 | D:1      | Reached XP level 2. HP: 19/23 MP: 5/5
   780 | D:1      | Reached XP level 3. HP: 28/28 MP: 6/6
  1296 | D:2      | Reached skill level 4 in Unarmed Combat
  1494 | D:2      | Reached XP level 4. HP: 36/36 MP: 5/7
  1496 | D:2      | Noticed Terence
  1506 | D:2      | Killed Terence
  2456 | D:2      | Reached XP level 5. HP: 31/42 MP: 8/8
  2584 | D:2      | Noticed Sigmund
  2794 | D:3      | Reached skill level 5 in Unarmed Combat
  3127 | D:4      | Learned a level 2 spell: Wereblood
  3131 | D:4      | Learned a level 3 spell: Spider Form
  3215 | D:3      | Found a glowing silver altar of Zin.
  3418 | D:3      | Reached XP level 6. HP: 43/51 MP: 5/9
  3434 | D:3      | Slain by a wight

Illustrated notes

Levels and vault maps discovered:
D:1:      minmay_arrival_three_doors, layout_loops_cross, lemuel_flame_loot_1
D:2:      layout_loops_ring, kennysheep_path_1, uniq_terence, uniq_sigmund
D:3:      layout_basic, zin_statuary, kennysheep_cross_bottleneck, led_xom_imps,
          uniq_natasha
D:4:      layout_loops_ring, nicolae_overflow_hidden_temple,
          lemuel_blue_sif_altar, nemelex_diamond_rough_becter, uniq_menkaure

Skill      XL: |  1  2  3  4  5 |
---------------+----------------+-----
Unarmed Combat | 4 5 |  5.3
Fighting       | 2 3 |  3.3
Transmutations | 3 |  3.2
Dodging        | 2 |  2.2
Spellcasting   | |  2.1

Action                   |  1- 3 |  4- 6 || total
-------------------------+-------+-------++-------
Melee: Unarmed           |   114 |   110 ||   224
       Kick              |    15 |    19 ||    34
       Headbutt          |    14 |     9 ||    23
       Tailslap          |     6 |    10 ||    16
 Cast: Beastly Appendage |    20 |     7 ||    27
       Spider Form       |       |     2 ||     2
  Use: Scroll            |       |     6 ||     6
       Potion            |       |     2 ||     2
 Stab: Sleeping          |     1 |     1 ||     2
Armor: Skin              |    41 |    14 ||    55
Dodge: Dodged            |    84 |    74 ||   158

Table legend: (Time is in decaauts)
 A = Elapsed time spent in this place.
 B = Non-inter-level travel time spent in this place.
 C = Inter-level travel time spent in this place.
 D = Time resting spent in this place.
 E = Time spent auto-exploring this place.
 F = Levels seen in this place.
 G = Mean time per level.
                   A        B        C        D        E       F      G
               +--------+--------+--------+--------+--------+-----+--------+
         Total |   3417 |   3397 |     20 |    478 |   2445 |   4 |  854.2 |
       Dungeon |   3417 |   3397 |     20 |    478 |   2445 |   4 |  854.2 |
               +--------+--------+--------+--------+--------+-----+--------+

Top non-repeatable levels by time:
     D:2: 1452 daAuts
     D:1: 1129 daAuts
     D:3: 824 daAuts
     D:4: 11 daAuts
